 Dungeon Crawl Stone Soup version 0.29.1-15-g9cfb28693d (webtiles) character file.

Game seed: 926583507149550703

567 GigaChad the Chopper (level 7, -8/61 HPs)
             Began as a Minotaur Fighter on Mar 10, 2023.
             Was an Initiate of Okawaru.
             Engulfed by a steam dragon's steam (10 damage)
             ... on level 4 of the Dungeon.
             The game lasted 00:04:34 (3352 turns).

GigaChad the Chopper (Minotaur Fighter)             Turns: 3352, Time: 00:04:34

Health: -8/61      AC:  7    Str: 22    XL:     7   Next: 11%
Magic:  6/6        EV: 10    Int:  5    God:    Okawaru [......]
Gold:   141        SH:  4    Dex: 10    Spells: 6/6 levels left

rFire   . . .      SeeInvis .   a - +0 war axe
rCold   . . .      Faith    .   c - +0 buckler
rNeg    . . .      Spirit   .   b - +0 scale mail
rPois   .          Reflect  .   (helmet restricted)
rElec   .          Harm     .   (no cloak)
rCorr   .          Rampage  .   (no gloves)
Will    .....                   (no boots)
Stlth   ..........              (no amulet)
HPRegen 0.20/turn               (no ring)
MPRegen 0.10/turn               (no ring)

@: no status effects
A: horns 2, retaliatory headbutt
a: Renounce Religion


You were on level 4 of the Dungeon.
You worshipped Okawaru.
Okawaru was noncommittal.
You visited 2 branches of the dungeon, and saw 5 of its levels.

You collected 141 gold pieces.

Inventory:

Hand Weapons
 a - a +0 war axe (weapon)
Missiles
 f - a javelin (quivered)
 v - a throwing net
Armour
 b - a +0 scale mail (worn)
 c - a +0 buckler (worn)
Jewellery
 r - a ring of resist corrosion
 t - a ring of protection from fire
Wands
 s - a wand of flame (12)
Scrolls
 e - 4 scrolls of teleportation
 h - 4 scrolls of enchant armour
 i - 3 scrolls of blinking
 j - a scroll of vulnerability {unknown}
 o - a scroll of immolation
 u - a scroll of amnesia {unknown}
Potions
 d - a potion of might
 g - 2 potions of attraction {unknown}
 k - a potion of lignification {unknown}
 l - 2 potions of heal wounds {unknown}
 m - a potion of curing {unknown}
 n - 2 potions of flight {unknown}
 p - a potion of ambrosia {unknown}
 q - a potion of mutation {unknown}


   Skills:
 + Level 5.2 Fighting
 + Level 6.8 Axes
 + Level 5.0 Armour
 + Level 1.8 Dodging
 + Level 0.2 Stealth
 + Level 4.6 Shields


You had 6 spell levels left.
You didn't know any spells.
Your spell library contained the following spells:

 Spells                   Type           Power      Damage    Failure   Level
 Orb of Destruction       Conj           0%         9d5       100%        7
 Summon Guardian Golem    Hex/Summ       Unusable   N/A       N/A         3
 Spellforged Servitor     Conj/Summ      Unusable   N/A       N/A         7

Dungeon Overview and Level Annotations

Branches:
Dungeon (4/15)             Temple (1/1) D:4

Altars:
Ashenzari
Fedhas
Kikubaaqudgha
Okawaru
Qazlal
Trog
Vehumet
Xom
The Shining One


Innate Abilities, Weirdness & Mutations

You have a pair of horns on your head.
You reflexively headbutt those who attack you in melee.


Message History

You block the phantom's attack.
You slash the phantom!
The phantom is severely damaged.
The phantom hits you but does no damage.
You closely miss the phantom.
The phantom is severely damaged.
The phantom hits you but does no damage.
You closely miss the phantom. Your headbutt misses the phantom.
The phantom is severely damaged.
The phantom barely misses you. You furiously retaliate!
You headbutt the phantom!
You destroy the phantom!
Okawaru accepts your kill.
You have reached level 7!
You start resting.
A steam dragon comes into view.
A steam dragon is nearby!
A steam dragon is nearby!
A steam dragon is nearby!
A steam dragon is nearby!
You hit the steam dragon.
The steam dragon is lightly wounded.
The steam dragon misses you. You block the steam dragon's attack.
You hit the steam dragon.
The steam dragon is moderately wounded.
The steam dragon breathes steam at you. The ball of steam hits you!
You closely miss the steam dragon.
You headbutt the steam dragon, but do no damage.
The steam dragon is moderately wounded.
You are engulfed in a cloud of scalding steam.
The steam dragon breathes steam at you. The ball of steam hits you!
* * * LOW HITPOINT WARNING * * *
The steam dragon closely misses you. The steam dragon claws you.
* * * LOW HITPOINT WARNING * * *
You barely miss the steam dragon.
The steam dragon is moderately wounded.
You are engulfed in a cloud of scalding steam.
You die...

#..# #......
#.........#..# ##
#......
.(........#..###.##
##.....
.........##..##...##
#..... .........
#..#.....# ##....
......... #..#.)...#
###..
........###........#
##.
......).##.........#
#.
......).)D@§.§(....#
##.
#........###......##
###))
##....######......###
#.... #...#
#.........###....
#...#
#................
...#
#................ ###
#####...###......
##### #######


You could see a steam dragon (catching breath).

Vanquished Creatures
  2 phantoms (D:4)
  A necrophage (D:4)
  2 orc priests (D:4)
  An iguana (D:4)
  Natasha (thrice) (D:3)
  An orc wizard (D:4)
  Robin (D:3)
  3 adders (D:2)
  3 gnolls (D:4)
  2 worms
  2 dart slugs
  11 orcs (D:4)
  5 ball pythons
  8 endoplasms
  A giant cockroach (D:2)
  19 goblins
  6 hobgoblins
  2 quokkas
  4 bats
  7 kobolds
  7 rats
91 creatures vanquished.

Notes
Turn   | Place    | Note
-------+----------+-------------------------------------------
     0 | D:1      | GigaChad the Minotaur Fighter began the quest for the Orb.
     0 | D:1      | Reached XP level 1. HP: 19/19 MP: 0/0
   415 | D:1      | Reached XP level 2. HP: 26/27 MP: 1/1
   523 | D:1      | Found a faded altar of an unknown god.
   741 | D:1      | Reached skill level 3 in Axes
   940 | D:2      | Reached XP level 3. HP: 33/33 MP: 2/2
  1057 | D:2      | Reached skill level 4 in Axes
  1496 | D:2      | Reached skill level 1 in Dodging
  1496 | D:2      | Reached XP level 4. HP: 38/40 MP: 3/3
  1625 | D:3      | Noticed Robin
  1631 | D:3      | Noticed Natasha
  1635 | D:3      | Killed Robin
  1641 | D:3      | Killed Natasha
  1747 | D:3      | Noticed Natasha
  1755 | D:3      | Killed Natasha
  1756 | D:3      | Reached skill level 5 in Axes
  1756 | D:3      | Reached XP level 5. HP: 16/47 MP: 4/4
  1777 | D:3      | Noticed Natasha
  1790 | D:3      | Killed Natasha
  2631 | D:4      | Noticed a phantom
  2641 | D:4      | Killed a phantom
  2642 | D:4      | Reached XP level 6. HP: 51/53 MP: 5/5
  2653 | D:4      | Reached skill level 6 in Axes
  2670 | D:4      | Reached skill level 5 in Fighting
  2921 | D:4      | Found a staircase to the Ecumenical Temple.
  2977 | Temple   | Entered the Ecumenical Temple
  3002 | Temple   | Became a worshipper of Warmaster Okawaru
  3240 | D:4      | Reached skill level 5 in Armour
  3245 | D:4      | Reached XP level 7. HP: 15/61 MP: 6/6
  3339 | D:4      | Noticed a steam dragon
  3351 | D:4      | HP: 2/61 [steam dragon (2)]
  3352 | D:4      | Engulfed by a steam dragon's steam

Illustrated notes

Levels and vault maps discovered:
D:1:      psy_arrival_radial01, layout_rooms, chequers_ecumenical_altar_simple
D:2:      layout_basic, grunt_ministairs_9
D:3:      layout_basic, uniq_robin, uniq_natasha
D:4:      layout_cave_pods, dancing_weapons_uskayaw, temple_pool_b,
          nicolae_kite_square_tiling_tiny, grunt_decor_clamped, uniq_edmund
Temple:   regret_index_temple_chain_breaker

Skill      XL: |  1  2  3  4  5  6 |
---------------+-------------------+-----
Axes           | 3 4 5 6 |  6.8
Armour         | 4 5 |  5.0
Fighting       | 4 5 |  5.2
Dodging        | 1 |  1.8
Shields        | 4 |  4.6
Stealth        | |  0.2

Action                   |  1- 3 |  4- 6 |  7- 9 || total
-------------------------+-------+-------+-------++-------
Melee: War axe           |    84 |   108 |     4 ||   196
       Headbutt          |     7 |    11 |     1 ||    19
Throw: Javelin           |     2 |     1 |       ||     3
  Use: Scroll            |       |     4 |       ||     4
Armor: Scale mail        |    41 |    51 |     1 ||    93
Dodge: Dodged            |    34 |    42 |     2 ||    78
Block: Buckler           |    25 |    22 |     1 ||    48
